 Dungeon Crawl Stone Soup version 0.23.1 (webtiles) character file.

Game seed: 17521627115970874499

175 Borgoz the Ducker (level 5, 0/38 HPs)
             Began as a Ghoul Enchanter on Mar 2, 2019.
             Slain by an ice beast (3 damage)
             ... on level 3 of the Dungeon.
             The game lasted 00:05:29 (2540 turns).

Borgoz the Ducker (Ghoul Enchanter)                 Turns: 2540, Time: 00:05:30

Health: 0/38       AC:  5    Str: 12    XL:     5   Next: 55%
Magic:  6/6        EV: 12    Int: 10    God:
Gold:   144        SH:  0    Dex: 10    Spells: 6/7 levels left

rFire    . . .     SeeInvis .   i - +0 short sword
rCold    + + .     Gourm    .   (no shield)
rNeg     + + +     Faith    .   p - +0 leather armour
rPois    ∞         Spirit   .   (no helmet)
rElec    .         Reflect  .   (no cloak)
rCorr    .         Harm     .   k - +1 pair of gloves
MR       .....                  (no boots)
Stlth    ++........             (no amulet)
HPRegen  0.00/turn              m - ring of protection from cold
MPRegen  0.10/turn              (no ring)

@: rotting
A: rotting body, claws 1, carnivore, cold resistance 1, negative energy
resistance 3, inhibited regeneration, torment resistance, unbreathing
a: no special abilities


You were on level 3 of the Dungeon.
You were not hungry.

You visited 1 branch of the dungeon, and saw 3 of its levels.

You collected 144 gold pieces.

Inventory:

Hand Weapons
 i - a +0 short sword (weapon)
Missiles
 e - 25 poisoned needles
Armour
 k - a +1 pair of gloves (worn)
 p - a +0 leather armour (worn)
Jewellery
 m - a ring of protection from cold (left hand)
Comestibles
 b - 11 chunks of flesh
 d - 5 rations


   Skills:
 + Level 3.3 Short Blades
 + Level 3.7 Dodging
 - Level 3.2 Stealth
 - Level 1.7 Spellcasting
 - Level 2.4 Hexes


You had 6 spell levels left.
You knew the following spells:

 Your Spells              Type           Power        Failure   Level  Hunger
a - Corona                Hex            #......      16%         1    ##.....

Your spell library contained the following spells:

 Spells                   Type           Power        Failure   Level  Hunger
 Ensorcelled Hibernation  Hex/Ice        #.....       36%         2    ###....
 Confuse                  Hex            #.......     41%         3    ####...
 Tukima's Dance           Hex            #.......     41%         3    ####...
 Dazzling Spray           Conj/Hex       #.....       58%         3    ####...


Dungeon Overview and Level Annotations

Branches:
Dungeon (3/15)

Altars:


Innate Abilities, Weirdness & Mutations

Your body is rotting away.
You thrive on raw meat.
You are immune to poison.
You have sharp fingernails.
You are carnivorous and can eat meat at any time.
Your flesh is cold resistant. (rC+)
You are immune to negative energy. (rN+++)
You do not regenerate when monsters are visible.
You are immune to unholy pain and torment.
You can survive without breathing.


Message History

Casting: Corona (safe; 16% risk of failure)
Confirm with . or Enter, or press ? or * to list all spells.
Aiming: Corona (safe; 16% risk of failure)
Press: ? - help, Shift-Dir - straight line, f/p - ice beast
Aim: an ice beast (heavily wounded, chance to defeat MR: 38%)
Okay, then.
As you read the scroll labeled LONEKU DEJI, it crumbles to dust.
You feel blessed for a moment.
It was a scroll of remove curse.
The ice beast misses you.
As you read the scroll labeled LEOXEE GINT, it crumbles to dust.
It is a scroll of identify.
You don't have any unidentified items.
The ice beast hits you but does no damage.
The ice beast hits you but does no damage.
You closely miss the ice beast.
The ice beast is heavily wounded.
The ice beast hits you.
* * * LOW HITPOINT WARNING * * *
The ice beast freezes you. You resist.
You die...

#....).....##.........h.
#..÷.......##...........
#..........###.#.######
#....^.....# #.#†#
##.######### #.#)# #.#
#.#.# #.# #...# #.#
#####..# #.# #..@Yh>#
#.# #.###### #.# # #.#
#.# #.# #.# #####.#
......#


You could see an ice beast and a jackal.

Vanquished Creatures
  Terence (D:2)
  Ijyb (D:3)
  4 adders
  3 worms
  4 dart slugs
  2 leopard geckos (D:2)
  An orc (D:3)
  A ball python (D:2)
  10 bats
  3 giant cockroaches
  12 goblins
  5 hobgoblins
  2 jackals (D:3)
  A quokka (D:2)
  2 frilled lizards (D:1)
  8 kobolds
  6 rats
66 creatures vanquished.

Notes
Turn   | Place    | Note
-------+----------+-------------------------------------------
     0 | D:1      | Borgoz the Ghoul Enchanter began the quest for the Orb.
     0 | D:1      | Reached XP level 1. HP: 14/14 MP: 2/2
    39 | D:1      | Reached skill level 1 in Short Blades
   226 | D:1      | Reached XP level 2. HP: 20/20 MP: 3/3
   887 | D:2      | Reached XP level 3. HP: 26/26 MP: 2/4
  1331 | D:3      | Reached XP level 4. HP: 27/33 MP: 5/5
  1726 | D:2      | Noticed Terence
  1802 | D:2      | Killed Terence
  1954 | D:2      | Reached XP level 5. HP: 24/38 MP: 6/6
  2434 | D:3      | Noticed an ice beast
  2462 | D:3      | Noticed Ijyb
  2497 | D:3      | Killed Ijyb
  2540 | D:3      | Slain by an ice beast

Skill      XL: |  1  2  3  4 |
---------------+-------------+-----
Short Blades   | 1 2 3 |  3.3
Dodging        | 2 3 |  3.7
Stealth        | |  3.2
Spellcasting   | |  1.7
Hexes          | |  2.4

Action                   |  1- 3 |  4- 6 || total
-------------------------+-------+-------++-------
Melee: Dagger            |   118 |       ||   118
       Short sword       |    54 |   246 ||   300
 Cast: Corona            |     3 |     7 ||    10
  Use: Potion            |     2 |     5 ||     7
       Scroll            |       |     6 ||     6
 Stab: Sleeping          |     3 |     2 ||     5
  Eat: Chunk             |    13 |     4 ||    17
Armor: Robe              |    41 |    29 ||    70
       Leather armour    |       |    49 ||    49
Dodge: Dodged            |   110 |   182 ||   292
